 Dungeon Crawl Stone Soup version 0.26-a0-652-gafc20e3620 (webtiles) character file.

Game seed: 8784745655186116028

16 DogServant the Grave Robber (level 2, 20/20 HPs)
             Began as a Vampire Necromancer on Oct 2, 2020.
             Quit the game on level 1 of the Dungeon.
             The game lasted 00:01:19 (454 turns).

DogServant the Grave Robber (Vampire Necromancer)    Turns: 454, Time: 00:01:20

Health: 20/20      AC:  2    Str:  7    XL:     2   Next: 37%
Magic:  5/5        EV: 12    Int: 17    God:
Gold:   17         SH:  0    Dex: 14    Spells: 4/5 levels left

rFire    . . .     SeeInvis +   c - +0 club
rCold    . . .     Faith    .   (no shield)
rNeg     . . .     Spirit   .   a - +0 robe
rPois    .         Reflect  .   (no helmet)
rElec    .         Harm     .   (no cloak)
rCorr    .         Rampage  .   (no gloves)
MR       .....                  (no boots)
Stlth    ++........             (no amulet)
HPRegen  0.26/turn              (no ring)
MPRegen  0.09/turn              (no ring)

@: regenerating quickly
A: fangs 3, see invisible, unbreathing
a: Exsanguinate


You were on level 1 of the Dungeon.
You visited 1 branch of the dungeon, and saw 1 of its levels.

You collected 17 gold pieces.

Inventory:

Hand Weapons
 c - a +0 club (weapon)
Armour
 a - a +0 robe (worn)
Scrolls
 b - a scroll of identify {unknown}
 e - a scroll of remove curse {unknown}
 f - a scroll of teleportation {unknown}
Potions
 d - a potion of invisibility {unknown}


   Skills:
 + Level 0.4 Fighting
 - Level 2.2 Dodging
 - Level 3.0 Stealth
 - Level 2.0 Spellcasting
 + Level 5.0 Necromancy


You had 4 spell levels left.
You knew the following spells:

 Your Spells              Type           Power        Failure   Level
a - Pain                  Necr           ###.         2%          1

Your spell library contained the following spells:

 Spells                   Type           Power        Failure   Level
 Animate Skeleton         Necr           ###...       2%          1
 Vampiric Draining        Necr           ###.......   8%          3
 Animate Dead             Necr           ###.......   24%         4
 Agony                    Necr           ###.....     56%         5


Dungeon Overview and Level Annotations

Branches:
Dungeon (1/15)

Altars:


Innate Abilities, Weirdness & Mutations

Your natural rate of healing is unusually fast.
You have razor-sharp teeth.
You have supernaturally acute eyesight. (SInv)
You can survive without breathing.


Message History

You see here a dart slug corpse.
Found a mace.
A rat comes into view.
A rat is nearby!
Found a scroll labeled ANOMIGIDGHO.
Found 12 poisoned darts.
Casting: Pain (safe; 2% risk of failure)
Confirm with . or Enter, or press ? or * to list all spells.
Aiming: Pain (safe; 2% risk of failure)
Press: ? - help, Shift-Dir - straight line, f - rat
Aim: a rat (asleep, chance to defeat MR: 89%)
The rat writhes in agony!
You kill the rat!
f - a scroll labeled ANOMIGIDGHO Autopickup is now off.
Unknown command.
Okay, then.
Unknown command.
Autopickup is now on.
Are you sure you want to abandon this character and quit the game? (Confirm with "yes".)

#...####..##.#######...#.#.#
#.).# #.......#.......#.#
#(..# #.###.#.#.#######
'...+ .................
#...# #(###.#.####### #####
#.#.# ...# . #.# ##.# ## #.#
#@# ##. #.......# .(..
#.####### ##.#


There were no monsters in sight!

Vanquished Creatures
  A dart slug (D:1)
  4 hobgoblins (D:1)
  4 kobolds (D:1)
  A ball python (D:1)
  A bat (D:1)
  3 rats (D:1)
14 creatures vanquished.

Notes
Turn   | Place    | Note
-------+----------+-------------------------------------------
     0 | D:1      | DogServant the Vampire Necromancer began the quest for the
                  | Orb.
     0 | D:1      | Reached XP level 1. HP: 13/13 MP: 3/3
   246 | D:1      | Reached XP level 2. HP: 19/19 MP: 5/5
   368 | D:1      | Reached skill level 5 in Necromancy
   454 | D:1      | Quit the game

Illustrated notes

Levels and vault maps discovered:
D:1:      dpeg_arrival_houses_and_road, layout_basic, minmay_strange_pillars

Skill      XL: |  1  2 |
---------------+-------+-----
Necromancy     | 5 |  5.0
Fighting       | |  0.4
Dodging        | |  2.2
Stealth        | |  3.0
Spellcasting   | |  2.0

Action                   || total
-------------------------++-------
Melee: Club              ||    18
       Bite              ||     2
 Cast: Pain              ||    17
 Stab: Sleeping          ||     2
Armor: Robe              ||     9
Dodge: Dodged            ||    31

Table legend: (Time is in decaauts)
 A = Elapsed time spent in this place.
 B = Non-inter-level travel time spent in this place.
 C = Inter-level travel time spent in this place.
 D = Time resting spent in this place.
 E = Time spent auto-exploring this place.
 F = Levels seen in this place.
 G = Mean time per level.
                   A        B        C        D        E       F      G
               +--------+--------+--------+--------+--------+-----+--------+
         Total |    458 |    458 |      0 |     84 |    274 |   1 |  458.0 |
       Dungeon |    458 |    458 |      0 |     84 |    274 |   1 |  458.0 |
               +--------+--------+--------+--------+--------+-----+--------+

Top non-repeatable levels by time:
     D:1: 458 daAuts
